 Dungeon Crawl Stone Soup version 0.23.2-40-g277498a001 (webtiles) character file.

Game seed: 14357059601444167083

1108 Nygeryga the Basher (level 8, 0/73 HPs)
             Began as a Minotaur Berserker on Aug 31, 2019.
             Was an Elder of Trog.
             Slain by a manticore (5 damage)
             ... on level 7 of the Dungeon.
             The game lasted 00:16:24 (5799 turns).

Nygeryga the Basher (Minotaur Berserker)            Turns: 5799, Time: 00:16:25

Health: 0/73       AC:  8    Str: 24    XL:     8   Next: 11%
Magic:  7/7        EV: 10    Int:  4    God:    Trog [****..]
Gold:   197        SH:  0    Dex: 10    Spells: 7/7 levels left

rFire    . . .     SeeInvis .   u - +1 flail
rCold    . . .     Gourm    .   (no shield)
rNeg     . . .     Faith    .   g - +0 scale mail
rPois    +         Spirit   .   (helmet restricted)
rElec    .         Reflect  .   (no cloak)
rCorr    .         Harm     .   l - +0 pair of gloves
MR       .....                  f - +0 pair of boots
Stlth    ..........             s - amulet of the acrobat
HPRegen  0.22/turn              v - ring of poison resistance
MPRegen  0.10/turn              (no ring)

@: no status effects
A: retaliatory headbutt, horns 2
a: Berserk, Trog's Hand, Brothers in Arms, Renounce Religion


You were on level 7 of the Dungeon.
You worshipped Trog.
Trog was greatly pleased with you.
You were hungry.

You visited 1 branch of the dungeon, and saw 7 of its levels.

You collected 273 gold pieces.
You spent 76 gold pieces at shops.

Inventory:

Hand Weapons
 a - a +0 mace
 u - a +1 flail (weapon)
Armour
 b - a +0 animal skin
 f - a +0 pair of boots (worn)
 g - a +0 scale mail (worn)
 l - a +0 pair of gloves (worn)
 m - a +2 centaur barding
Jewellery
 s - an amulet of the acrobat (around neck)
 v - a ring of poison resistance (left hand)
Scrolls
 d - a scroll of blinking
 e - 2 scrolls of teleportation
 i - 5 scrolls of immolation
 j - 10 scrolls of identify
 p - 3 scrolls of remove curse
 t - a scroll of magic mapping
Potions
 k - 3 potions of haste {unknown}
 n - 4 potions of curing {unknown}
 o - 2 potions of heal wounds {unknown}
 q - 3 potions of agility {unknown}
 r - 3 potions of flight {unknown}
Comestibles
 c - 6 rations


   Skills:
 + Level 7.5 Fighting
 * Level 10.0 Maces & Flails
 - Level 2.4 Armour
 - Level 2.1 Dodging


You had 7 spell levels left.
You didn't know any spells.
Your spell library was empty.

Dungeon Overview and Level Annotations

Branches:
Dungeon (7/15)             Temple (0/1) D:6

Altars:
Dithmenos
Gozag
Makhleb
Okawaru
Sif Muna
Yredelemnul

Shops:
D:4 %[}?(   D:5 *

Annotations:
D:4 3 runed translucent doors, raetorn's ghost, amateur HOFi


Innate Abilities, Weirdness & Mutations

You reflexively headbutt those who attack you in melee.
You have a pair of horns on your head.


Message History

There is a shaft here.
The barbed spikes dig painfully into your body as you move.
* * * LOW HITPOINT WARNING * * *
The barbed spikes dig painfully into your body as you move.
* * * LOW HITPOINT WARNING * * *
The barbed spikes dig painfully into your body as you move.
* * * LOW HITPOINT WARNING * * *
You carefully extract the barbed spikes from your body.
You thump the orc!
You kill the orc!
Trog accepts your kill. The manticore bites you!
* * * LOW HITPOINT WARNING * * *
The manticore barely misses you. The manticore misses you.
Things that are here:
a +0 falchion; an orc corpse You sock the manticore!
The manticore is moderately wounded.
The manticore barely misses you. The manticore claws you.
You die...

#. ......#..# #.# #.#
#...#..# #.# ..# #[.##
#...#..#####.# ...#
#..####..#[..#...#.#
....#####..##..#..........#
...$..........#...........#
..........(#..#.........÷.#
..........(#............<÷#
.............^H@.........##
[........((#.####.>......#
.............# #####....#
!....$.....### #..###
...........# #...
...........# ....
...........# .....
.#######.### #.... #.#


You could see a manticore.

Vanquished Creatures
  2 centaurs
  A bullfrog (D:6)
  A scorpion (D:5)
  An electric eel (D:6)
  A howler monkey (D:6)
  A quasit (D:5)
  6 orc wizards
  4 orc priests
  A hound (D:4)
  Jessica (D:3)
  2 iguanas
  2 worker ants
  A worker ant zombie (D:6)
  12 adders
  2 shadow imps
  3 oozes
  An adder skeleton (D:4)
  4 dart slugs
  3 worms
  4 leopard geckos
  18 orcs
  5 bats
  6 giant cockroaches
  11 goblins
  7 hobgoblins
  4 jackals (D:2)
  3 quokkas
  A ball python (D:3)
  4 frilled lizards
  A jackal skeleton (D:4)
  11 kobolds
  A leopard gecko skeleton (D:4)
  A leopard gecko zombie (D:5)
  2 quokka skeletons
  8 rats
136 creatures vanquished.

Notes
Turn   | Place    | Note
-------+----------+-------------------------------------------
     0 | D:1      | Nygeryga the Minotaur Berserker began the quest for the
                  | Orb.
     0 | D:1      | Reached XP level 1. HP: 19/19 MP: 0/0
    90 | D:1      | Reached skill level 4 in Maces & Flails
   123 | D:1      | Reached XP level 2. HP: 26/27 MP: 1/1
   489 | D:2      | Reached ** piety under Trog
   493 | D:2      | Reached XP level 3. HP: 29/33 MP: 2/2
   556 | D:2      | Reached skill level 5 in Maces & Flails
   704 | D:2      | Reached XP level 4. HP: 38/41 MP: 3/3
  1323 | D:3      | Found a faded altar of an unknown god.
  1360 | D:3      | Noticed Jessica
  1374 | D:3      | Killed Jessica
  1374 | D:3      | Reached skill level 6 in Maces & Flails
  1463 | D:3      | Reached XP level 5. HP: 47/47 MP: 4/4
  1515 | D:3      | Reached *** piety under Trog
  1516 | D:3      | Reached skill level 5 in Fighting
  2514 | D:4      | Reached skill level 7 in Maces & Flails
  2514 | D:4      | Reached XP level 6. HP: 39/56 MP: 5/5
  3069 | D:4      | Found Loanivua's Gadget Boutique.
  3105 | D:4      | Found Noden's Weapon Emporium.
  3168 | D:4      | Found Keiga's Antique Armour Boutique.
  3176 | D:4      | Bought a pair of boots for 76 gold pieces
  3245 | D:4      | Found Kyaterph's Food Shoppe.
  3326 | D:4      | Found a deep blue altar of Sif Muna.
  3327 | D:4      | Found a burning altar of Makhleb.
  3327 | D:4      | Found a shadowy altar of Dithmenos.
  3328 | D:4      | Found a basalt altar of Yredelemnul.
  3466 | D:4      | Found a runed translucent gate.
  3467 | D:4      | Found a runed translucent gate.
  3467 | D:4      | Found an opulent altar of Gozag.
  3468 | D:4      | Found a runed translucent gate.
  3534 | D:4      | Found Naq Joumm's Magic Scroll Shop.
  3700 | D:4      | Noticed raetorn's ghost (amateur HOFi)
  3722 | D:5      | Entered Level 5 of the Dungeon
  3795 | D:5      | Reached skill level 8 in Maces & Flails
  4010 | D:5      | Reached XP level 7. HP: 63/64 MP: 6/6
  4094 | D:5      | Reached **** piety under Trog
  4405 | D:5      | Found Icuvon's Assorted Antiques.
  4575 | D:6      | Reached skill level 9 in Maces & Flails
  4940 | D:6      | Found a staircase to the Ecumenical Temple.
  4975 | D:6      | Found an iron altar of Okawaru.
  5255 | D:6      | Reached XP level 8. HP: 68/73 MP: 7/7
  5484 | D:6      | Reached skill level 10 in Maces & Flails
  5784 | D:7      | Noticed a manticore
  5799 | D:7      | Slain by a manticore

Skill      XL: |  1  2  3  4  5  6  7  8 |
---------------+-------------------------+-----
Maces & Flails | 4 5 6 7 8 9 10 | 10.0
Fighting       | 4 5 6 7 |  7.5
Armour         | |  2.4
Dodging        | |  2.1

Action                   |  1- 3 |  4- 6 |  7- 9 || total
-------------------------+-------+-------+-------++-------
Melee: Mace              |    61 |   161 |       ||   222
       Headbutt          |    10 |    24 |    11 ||    45
       Flail             |       |    23 |    86 ||   109
Invok: Berserk           |       |     1 |       ||     1
  Use: Scroll            |       |       |     8 ||     8
  Eat: Chunk             |       |     5 |     4 ||     9
       Ration            |       |     2 |       ||     2
Armor: Scale mail        |    31 |    77 |    51 ||   159
Dodge: Dodged            |    33 |   115 |    71 ||   219
